 Dungeon Crawl Stone Soup version 0.23.2-33-g5129a83184 (webtiles) character file.

Game seed: 9615358072740838302

143 Felnil the Covered (level 5, 0/41 HPs)
             Began as a Mummy Fighter on Aug 7, 2019.
             Was a Follower of Qazlal.
             Slain by a gnoll
             ... wielding a +0 spear
              (2 damage)
             ... on level 3 of the Dungeon.
             The game lasted 00:06:29 (2804 turns).

Felnil the Covered (Mummy Fighter)                  Turns: 2804, Time: 00:06:29

Health: 0/41       AC: 12    Str: 20    XL:     5   Next: 4%
Magic:  5/5        EV:  3    Int:  8    God:    Qazlal [*.....]
Gold:   57         SH: 10    Dex: 11    Spells: 4/4 levels left

rFire    x . .     SeeInvis .   h - +3 flail
rCold    + . .     Gourm    .   c - +0 shield
rNeg     + + +     Faith    .   k - +0 plate armour
rPois    ∞         Spirit   .   (no helmet)
rElec    .         Reflect  .   (no cloak)
rCorr    .         Harm     .   (no gloves)
MR       .....                  (no boots)
Stlth    ..........             (no amulet)
HPRegen  0.13/turn              (no ring)
MPRegen  0.09/turn              (no ring)

@: no status effects
A: no food or potions, fire vulnerability, cold resistance 1, negative energy
resistance 3, torment resistance, unbreathing
a: Renounce Religion


You were on level 3 of the Dungeon.
You worshipped Qazlal.
Qazlal was aware of your devotion.
You were not hungry.

You visited 1 branch of the dungeon, and saw 3 of its levels.

You collected 57 gold pieces.

Inventory:

Hand Weapons
 a - a +0 war axe
 h - a +3 flail (weapon)
Armour
 c - a +0 shield (worn)
 k - a +0 plate armour (worn)
Scrolls
 d - 2 scrolls of immolation {unknown}
 e - a scroll of enchant armour {unknown}
 f - 7 scrolls of identify {unknown}
 g - 3 scrolls of remove curse {unknown}
 i - a scroll of teleportation {unknown}
 j - a scroll of magic mapping {unknown}


   Skills:
 - Level 3.0 Fighting
 - Level 1.5 Axes
 + Level 4.8 Armour
 - Level 2.4 Shields


You had 4 spell levels left.
You didn't know any spells.
Your spell library contained the following spells:

 Spells                   Type           Power        Failure   Level  Hunger
 Animate Skeleton         Necr           N/A          100%        1    N/A
 Apportation              Tloc           #.....       100%        1    N/A
 Confusing Touch          Hex            #.....       100%        1    N/A
 Summon Small Mammal      Summ           #...         100%        1    N/A

Dungeon Overview and Level Annotations

Branches:
Dungeon (3/15)

Altars:
Qazlal

Portals:
Sewer: D:3


Innate Abilities, Weirdness & Mutations

You do not eat or drink.
Your flesh is vulnerable to fire.
You are immune to poison.
Your flesh is cold resistant. (rC+)
You are immune to negative energy. (rN+++)
You are immune to unholy pain and torment.
You can survive without breathing.


Message History

Found a silvery potion.
Items here: ))) ††††† You sock the kobold!
You kill the kobold!
Qazlal accepts your kill.
You are now surrounded by a storm.
The gnoll hits you but does no damage. You block the kobold's attack.
The gnoll hits you but does no damage. You block the kobold's attack.
The kobold hits you but does no damage.
You miss the kobold. You block the gnoll's attack.
You block the kobold's attack. x2
You completely miss the kobold. You block the gnoll's attack.
The kobold hits you with a +3 short sword.
* * * LOW HITPOINT WARNING * * *
You block the kobold's attack.
The gnoll hits you from afar with a +0 spear.
* * * LOW HITPOINT WARNING * * *
The kobold hits you but does no damage. x2
You closely miss the kobold.
The gnoll hits you from afar with a +0 spear.
You die...

..###### ..#.. #.#≈≈≈≈#
....#####.#≈≈≈≈#
#........#≈∩≈≈#
##.......#≈≈≈≈# .
##........#≈≈S≈ ...
####.........#####'....
#........(....(@KK.....
##...........#g##KS.....
....##.####....# S#.....
....##># ####.# .# ....
..####.# #...## !..
.......# ##.... ..
.#(†#### ....# # .#(..#
..... .#.#.###### ....


You could see a gnoll, an adder, a ball python and 3 kobolds.

Vanquished Creatures
  2 adders
  7 gnolls
  A dart slug (D:1)
  2 leopard geckos (D:1)
  7 giant cockroaches
  6 goblins
  3 hobgoblins
  10 jackals (D:3)
  A quokka (D:3)
  2 bats
  A frilled lizard (D:2)
  5 kobolds
  8 rats
  A fungus (D:1)
56 creatures vanquished.

Notes
Turn   | Place    | Note
-------+----------+-------------------------------------------
     0 | D:1      | Felnil the Mummy Fighter began the quest for the Orb.
     0 | D:1      | Reached XP level 1. HP: 18/18 MP: 1/1
   224 | D:1      | Reached skill level 3 in Armour
   224 | D:1      | Reached XP level 2. HP: 24/24 MP: 2/2
  1017 | D:1      | Reached XP level 3. HP: 11/29 MP: 3/3
  1226 | D:2      | Reached skill level 4 in Armour
  1545 | D:2      | Found a stormy altar of Qazlal.
  1555 | D:2      | Became a worshipper of Qazlal Stormbringer
  1668 | D:2      | Reached XP level 4. HP: 25/35 MP: 4/4
  2771 | D:3      | Found a glowing drain.
  2795 | D:3      | Reached XP level 5. HP: 9/41 MP: 5/5
  2801 | D:3      | Reached * piety under Qazlal
  2803 | D:3      | HP: 2/41 [gnoll/+0 spear (4)]
  2804 | D:3      | Slain by a gnoll

Skill      XL: |  1  2  3 |
---------------+----------+-----
Armour         | 3 4 |  4.8
Fighting       | |  3.0
Axes           | |  1.5
Shields        | |  2.4

Action                   |  1- 3 |  4- 6 || total
-------------------------+-------+-------++-------
Melee: War axe           |    94 |       ||    94
       Flail             |    22 |   102 ||   124
Armor: Scale mail        |    57 |     5 ||    62
       Plate armour      |       |   169 ||   169
Dodge: Dodged            |    42 |    38 ||    80
Block: Shield            |    72 |   112 ||   184
